 Dungeon Crawl Stone Soup version 0.19.0-19-g8c6edcc (webtiles) character file.

6717 KarmaPolice the Jinx (level 10, 0/74 HPs)
             Began as a Vampire Skald on Nov 13, 2016.
             Was a Priest of Kikubaaqudgha.
             Slain by a wraith (12 damage)
             ... on level 10 of the Dungeon.
             The game lasted 00:46:23 (18047 turns).

KarmaPolice the Jinx (Vampire Skald)               Turns: 18047, Time: 00:46:24

Health: 0/74       AC:  6    Str: 15    XL:     10   Next: 74%
Magic:  11/17      EV: 12    Int: 15    God:    Kikubaaqudgha [***...]
Gold:   517        SH:  5    Dex: 24    Spells: 5 memorised, 7 levels left

rFire  + . .     SeeInvis +     N - +1 flail of the Solstice {drain, rElec rF+ rC+ Dex+7} (curse)
rCold  + . .     Gourm    .     b - +0 leather armour
rNeg   + + .     Faith    .     (no shield)
rPois  .         Spirit   .     W - +1 hat
rElec  +         Reflect  +     T - +0 cloak
rCorr  .         Harm     .     M - +0 pair of gloves
MR     ++...                    (no boots)
Stlth  +++.......               E - amulet of Hauroa {Reflect MR+ SH+5 Stlth+}
                                L - ring of positive energy
                                v - +4 ring of strength

@: infused, slowed, very slow
A: fangs 3, see invisible, unbreathing
a: Bat Form, Receive Corpses, Renounce Religion


You were on level 10 of the Dungeon.
You worshipped Kikubaaqudgha.
Kikubaaqudgha was most pleased with you.
You were not thirsty.

You visited 2 branches of the dungeon, and saw 11 of its levels.
You also visited: Ossuary.

You collected 517 gold pieces.

Inventory:

Hand Weapons
 a - a +0 falchion
 u - a +1 whip of pain
 N - the cursed +1 flail of the Solstice (weapon) {drain, rElec rF+ rC+ Dex+7}
   (You found it on level 7 of the Dungeon)

   A truly terrible weapon, it drains the life of those it strikes.
   It affects your dexterity (+7).
   It protects you from fire.
   It protects you from cold.
   It insulates you from electricity.
   It has a curse placed upon it.
 R - a +1 dagger of venom
Armour
 b - a +0 leather armour (worn)
 M - a +0 pair of gloves (worn)
 T - a +0 cloak (worn)
 W - a +1 hat (worn)
Jewellery
 v - a +4 ring of strength (left hand)
 E - the amulet of Hauroa (around neck) {Reflect MR+ SH+5 Stlth+}
   (You found it on level 6 of the Dungeon)

   [amulet of reflection]

   It shields you and reflects attacks.
   It affects your resistance to hostile enchantments.
   It affects your SH (+5).
   It makes you more stealthy.
 L - a ring of positive energy (right hand)
 Q - an uncursed amulet of rage
Wands
 h - a wand of disintegration (4/24)
 F - a wand of lightning (6/15)
Scrolls
 f - a scroll of enchant weapon
 g - 5 scrolls of fog {unknown}
 i - a scroll of enchant armour {unknown}
 j - 2 scrolls of fear
 l - 2 scrolls of amnesia
 m - a scroll of blinking {unknown}
 q - 4 scrolls of recharging
 r - 6 scrolls of remove curse
 t - 2 scrolls of magic mapping {unknown}
 x - 2 scrolls of teleportation {unknown}
 y - 2 scrolls of immolation {unknown}
 D - a scroll of noise {unknown}
 J - 2 scrolls of identify
Potions
 d - 2 potions of haste
 e - a potion of flight
 k - a potion of berserk rage
 n - 2 potions of resistance {unknown}
 o - 7 potions of curing
 p - a potion of invisibility {unknown}
 s - 2 potions of lignification {unknown}
 A - a potion of mutation {unknown}
 C - 2 potions of agility
 G - a potion of brilliance
 H - a potion of beneficial mutation {unknown}
 I - a potion of heal wounds
 K - a potion of might {unknown}
 O - 11 potions of blood
 P - a potion of magic {unknown}
 X - a potion of degeneration {unknown}
Books
 c - a book of Battle

   Spells                             Type                      Level
   a - Infusion                       Charms                       1
   b - Shroud of Golubria             Charms/Translocation         2
   c - Song of Slaying                Charms                       2
   d - Spectral Weapon                Hexes/Charms                 3
   e - Regeneration                   Charms/Necromancy            3
 w - a book of Misfortune

   Spells                             Type                      Level
   a - Confusing Touch                Hexes                        1
   b - Confuse                        Hexes                        3
   c - Gell's Gravitas                Hexes/Translocation          3
   d - Petrify                        Transmutation/Earth          4
   e - Metabolic Englaciation         Hexes/Ice                    5
   f - Yara's Violent Unravelling     Hexes/Transmutation          5
 B - Kikubaaqudgha's Volume of Necromancy
   (Kikubaaqudgha gifted it to you on level 6 of the Dungeon)

   Spells                             Type                      Level
   a - Animate Skeleton               Necromancy                   1
   b - Corpse Rot                     Necromancy                   2
   c - Sublimation of Blood           Necromancy                   2
   d - Vampiric Draining              Necromancy                   3
   e - Control Undead                 Necromancy                   4
 S - Kikubaaqudgha's Papyrus of Darkness
   (Kikubaaqudgha gifted it to you on level 9 of the Dungeon)

   Spells                             Type                      Level
   a - Animate Dead                   Necromancy                   4
   b - Agony                          Necromancy                   5
   c - Cigotuvi's Embrace             Necromancy                   5
   d - Dispel Undead                  Necromancy                   5
   e - Death Channel                  Necromancy                   6


   Skills:
 - Level 5.2 Fighting
 - Level 7.3 Long Blades
 + Level 2.8 Armour
 - Level 1.1 Dodging
 + Level 4.8 Spellcasting
 + Level 9.0 Hexes
 - Level 6.0 Charms
 + Level 8.3 Necromancy
 - Level 5.3 Evocations


You had 7 spell levels left.
You knew the following spells:

 Your Spells              Type           Power        Failure   Level  Hunger
a - Infusion              Chrm           ###.         1%          1    None
b - Shroud of Golubria    Chrm/Tloc      ##........   12%         2    ##.....
c - Song of Slaying       Chrm           ###.....     2%          2    ##.....
d - Regeneration          Chrm/Necr      ####......   3%          3    ###....
e - Confuse               Hex            ####....     1%          3    ###....


Dungeon Overview and Level Annotations

Branches:
Dungeon (10/15)            Temple (1/1) D:5            Lair (0/6) D:9
    Orc: D:9-12

Altars:
Ashenzari
Cheibriados
Dithmenos
Elyvilon
Fedhas
Gozag
Hepliaklqana
Kikubaaqudgha
Makhleb
Nemelex Xobeh
Okawaru
Qazlal
Ru
Sif Muna
Trog
Uskayaw
Vehumet
Xom
Yredelemnul
Zin
The Shining One

Shops:
D:7 *

Annotations:
D:4 Leybi's ghost, amateur GrEE
D:7 leglesslizard's ghost, novice DDHu


Innate Abilities, Weirdness & Mutations

You have razor-sharp teeth.
You have supernaturally acute eyesight. (SInv)
You can survive without breathing.


Message History

The wraith is severely damaged.
The wraith hits you.
* * * LOW HITPOINT WARNING * * *
The wraith barely misses you. You block the wraith's attack.
You hit the wraith.
The wraith is severely damaged.
The wraith hits you but does no damage. You block the wraith's attack.
You hit the wraith.
The wraith is severely damaged.
The wraith closely misses you. The wraith hits you.
* * * LOW HITPOINT WARNING * * *
You hit the wraith but do no damage. You bite the wraith, but do no damage.
The wraith is severely damaged.
The wraith hits you.
* * * LOW HITPOINT WARNING * * *
The wraith drains your vigour!
You feel as though you will be slow longer.
The wraith hits you!
You die...
Kikubaaqudgha rasps: "You have failed me!
Welcome... oblivion!"

#........#
#........#....#
#........#....#
#........#....#
#........#....#
#........#....#
#........#....#
#...W.##.#....#
#....@...##'####
#..............#
#.........####.#######
#.........# #........
#.........# #........
#.........# ##.......
#........## ##.###..
#.......## ##.......
#$.....## #........


You could see a wraith.

Vanquished Creatures
  A centaur warrior (D:10)
  Joseph (D:7)
  Psyche (D:9)
  A hornet (D:5)
  2 hippogriffs (D:8)
  Sigmund (D:4)
  A hungry ghost (D:9)
  2 water moccasins
  6 ice beasts
  6 orc warriors
  A phantom (D:5)
  An eye of draining (D:9)
  5 ogres
  2 centaurs
  Blork the orc (D:7)
  4 bullfrogs
  4 scorpions
  8 wights
  3 howler monkeys
  A bullfrog zombie (D:5)
  3 crimson imps
  A quasit (D:6)
  7 hounds
  A jelly (D:9)
  3 centaur skeletons
  An orc priest (D:8)
  3 iguanas
  Ijyb (D:2)
  7 orc wizards
  6 worker ants
  2 hound zombies
  A hound skeleton (D:4)
  2 mummies (Ossuary)
  A worker ant zombie (D:7)
  Robin (D:2)
  5 adders
  4 shadow imps
  An adder zombie (D:5)
  An adder skeleton (D:5)
  6 worms
  3 dart slugs
  6 leopard geckos
  29 orcs
  4 giant cockroaches
  16 goblins
  9 hobgoblins
  14 jackals
  9 kobolds
  6 quokkas
  A ball python zombie (D:5)
  6 bats
  7 frilled lizards
  A giant cockroach zombie (D:5)
  7 gnoll skeletons (Ossuary)
  5 gnoll zombies (Ossuary)
  A goblin skeleton (Ossuary)
  2 goblin zombies
  A hobgoblin skeleton (Ossuary)
  2 hobgoblin zombies (Ossuary)
  2 leopard gecko skeletons
  An orc zombie (Ossuary)
  A quokka zombie (D:5)
  10 rats
  A rat skeleton (Ossuary)
  5 rat zombies
258 creatures vanquished.

Vanquished Creatures (others)
  Menkaure (Ossuary)
  A mummy (Ossuary)
  2 gnoll skeletons (Ossuary)
  2 gnoll zombies (Ossuary)
  A goblin skeleton (Ossuary)
  2 goblin zombies (Ossuary)
  A hobgoblin skeleton (Ossuary)
  A hobgoblin zombie (Ossuary)
  4 kobold skeletons (Ossuary)
  2 kobold zombies (Ossuary)
  5 orc skeletons (Ossuary)
  2 orc zombies (Ossuary)
  2 rat skeletons (Ossuary)
  3 rat zombies (Ossuary)
29 creatures vanquished.

Grand Total: 287 creatures vanquished

Notes
Turn   | Place    | Note
-------+----------+-------------------------------------------
     0 | D:1      | KarmaPolice the Vampire Skald began the quest for the Orb.
     0 | D:1      | Reached XP level 1. HP: 16/16 MP: 3/3
   126 | D:1      | Reached XP level 2. HP: 21/22 MP: 5/5
   181 | D:1      | Learned a level 2 spell: Shroud of Golubria
   184 | D:1      | Learned a level 2 spell: Song of Slaying
   383 | D:1      | Reached XP level 3. HP: 26/27 MP: 0/6
  1384 | D:2      | Reached XP level 4. HP: 26/33 MP: 8/8
  1457 | D:2      | Learned a level 3 spell: Regeneration
  1478 | D:2      | Noticed Robin
  1710 | D:2      | Killed Robin
  2234 | D:2      | Noticed Ijyb
  2250 | D:2      | Killed Ijyb
  3035 | D:3      | Reached XP level 5. HP: 31/39 MP: 9/9
  3752 | D:4      | Noticed Sigmund
  3766 | D:4      | Killed Sigmund
  3766 | D:4      | Reached skill level 5 in Charms
  3766 | D:4      | Reached skill level 1 in Necromancy
  3766 | D:4      | Reached XP level 6. HP: 47/47 MP: 0/10
  3862 | D:4      | Found an iron altar of Okawaru.
  3973 | D:4      | Noticed Leybi's ghost (amateur GrEE)
  4020 | D:5      | Entered Level 5 of the Dungeon
  4020 | D:5      | Found a staircase to the Ecumenical Temple.
  4032 | Temple   | Entered the Ecumenical Temple
  5177 | D:4      | Found an ancient bone altar of Kikubaaqudgha.
  5180 | D:4      | Found a shimmering altar of Xom.
  5184 | D:4      | Became a worshipper of Kikubaaqudgha
  5190 | D:4      | Found a sparkling altar of Nemelex Xobeh.
  6378 | D:5      | Reached XP level 7. HP: 40/52 MP: 0/11
  6380 | D:5      | Noticed a hornet
  6982 | D:5      | Killed a hornet
  7830 | D:5      | Reached skill level 5 in Long Blades
  7830 | D:5      | Reached XP level 8. HP: 52/61 MP: 6/12
  9132 | D:6      | Reached skill level 1 in Evocations
  9324 | D:6      | Reached skill level 5 in Fighting
 10215 | D:6      | Reached * piety under Kikubaaqudgha
 10215 | D:6      | Identified Kikubaaqudgha's Volume of Necromancy (Kikubaaqudgha gifted it to you on level 6 of the Dungeon)
 10215 | D:6      | Received a gift from Kikubaaqudgha
 10223 | D:6      | Learned a level 3 spell: Confuse
 10283 | D:6      | Got a glittering steel amulet
 10284 | D:6      | Identified the amulet of Hauroa {Reflect MR+ SH+5 Stlth+} (You found it on level 6 of the Dungeon)
 10481 | D:6      | Noticed Blork the orc
 11517 | D:5      | Reached skill level 1 in Hexes
 11612 | D:5      | Reached skill level 5 in Necromancy
 11618 | D:5      | Reached skill level 2 in Hexes
 11847 | D:6      | Found a sparkling altar of Nemelex Xobeh.
 12428 | D:7      | Noticed leglesslizard's ghost (novice DDHu)
 12515 | D:7      | You are sucked into a shaft for 2 floors!
 12551 | D:8      | Reached skill level 3 in Hexes
 12642 | D:8      | Found a sand-covered staircase.
 12661 | Ossuary  | Entered an ossuary
 12927 | Ossuary  | Reached ** piety under Kikubaaqudgha
 12962 | Ossuary  | Killed Menkaure
 13457 | D:7      | Got a crystal flail
 13498 | D:7      | Reached XP level 9. HP: 60/68 MP: 13/13
 13507 | D:7      | Identified the cursed +1 flail of the Solstice {drain, rElec rF+ rC+ Dex+7} (You found it on level 7 of the Dungeon)
 13581 | D:7      | Killed Blork the orc
 13662 | D:7      | Reached skill level 4 in Hexes
 13787 | D:7      | Found Luef's Assorted Antiques.
 14010 | D:7      | Noticed Joseph
 14212 | D:7      | HP: 3/68 [orc wizard/dagger (5)]
 14470 | D:7      | Killed Joseph
 14470 | D:7      | Reached skill level 5 in Hexes
 15183 | D:8      | Reached skill level 6 in Hexes
 15907 | D:8      | Reached XP level 10. HP: 43/74 MP: 4/14
 16280 | D:9      | Noticed Psyche
 16299 | D:9      | Killed Psyche
 16299 | D:9      | Reached skill level 7 in Hexes
 16377 | D:9      | Reached skill level 5 in Evocations
 16805 | D:9      | Reached skill level 1 in Armour
 16813 | D:9      | Reached *** piety under Kikubaaqudgha
 16813 | D:9      | Identified Kikubaaqudgha's Papyrus of Darkness (Kikubaaqudgha gifted it to you on level 9 of the Dungeon)
 16813 | D:9      | Received a gift from Kikubaaqudgha
 16854 | D:9      | Found a staircase to the Lair.
 16922 | D:9      | Found a shattered altar of Ashenzari.
 16959 | D:9      | Reached skill level 8 in Hexes
 17307 | D:9      | Found a radiant altar of Vehumet.
 17435 | D:10     | Entered Level 10 of the Dungeon
 17826 | D:10     | Noticed a centaur warrior
 17843 | D:10     | Killed a centaur warrior
 17965 | D:10     | Reached skill level 9 in Hexes
 18047 | D:10     | Slain by a wraith

Skill      XL: |  1  2  3  4  5  6  7  8  9 10 |
---------------+-------------------------------+-----
Fighting       | 2 3 4 5 |  5.2
Charms         | 4 5 6 |  6.0
Long Blades    | 3 4 5 6 7 |  7.3
Spellcasting   | 3 4 |  4.8
Necromancy     | 1 2 3 5 7 8 |  8.3
Evocations     | 2 4 5 |  5.3
Hexes          | 3 6 9 |  9.0
Armour         | 2 |  2.8
Dodging        | |  1.1

Action                   |  1- 3 |  4- 6 |  7- 9 | 10-12 || total
-------------------------+-------+-------+-------+-------++-------
Melee: Falchion          |   138 |   212 |   354 |       ||   704
       Bite              |     7 |    21 |    86 |    44 ||   158
       Unarmed           |       |       |     9 |     3 ||    12
       Flail             |       |       |   180 |   233 ||   413
 Cast: Infusion          |     6 |    19 |    55 |    18 ||    98
       Song of Slaying   |       |     4 |    15 |     6 ||    25
       Regeneration      |       |     3 |    20 |    13 ||    36
       Shroud of Golubri |       |     7 |    27 |    12 ||    46
       Confuse           |       |       |     4 |     2 ||     6
 Abil: End Transformatio |       |     6 |    31 |     2 ||    39
       Bat Form          |       |     6 |    31 |     2 ||    39
Evoke: Wand              |       |       |     4 |     1 ||     5
  Use: Potion            |       |     8 |    12 |     5 ||    25
       Scroll            |       |     5 |     2 |     1 ||     8
 Stab: Sleeping          |     1 |       |    10 |     1 ||    12
       Distracted        |       |       |     1 |       ||     1
       Confused          |       |       |       |     1 ||     1
  Eat: Corpse            |     4 |    10 |    10 |     3 ||    27
Armor: Leather armour    |    31 |    56 |   112 |    73 ||   272
Dodge: Dodged            |    91 |   126 |   316 |   176 ||   709
Block: Other             |       |       |    72 |    73 ||   145
       Reflection        |       |       |     3 |     1 ||     4
       Rpst.: Falchion   |    33 |    32 |    44 |       ||   109
